 Dungeon Crawl Stone Soup version 0.17-a0-1830-g81820eb (webtiles) character file.

2974 TruthSerum the Fighter (level 9, -2/136 HPs)
             Began as a Hill Orc Fighter on Sept 13, 2015.
             Was a Believer of Beogh.
             Slain by a killer bee (3 damage)
             ... on level 8 of the Dungeon.
             The game lasted 00:33:38 (6828 turns).

TruthSerum the Fighter (Hill Orc Fighter)           Turns: 6828, Time: 00:33:38

Health: -2/136     AC: 24    Str: 21    XL:     9   Next: 82%
Magic:  10/10      EV:  2    Int:  8    God:    Beogh [**....]
Gold:   507        SH:  0    Dex: 11    Spells: 0 memorised, 8 levels left

rFire  . . .     SeeInvis .     D - +0 great sword
rCold  + . .     Clarity  +     (armour currently unavailable)
rNeg   + + +     SustAt   .     (no shield)
rPois  +         Gourm    .     (helmet currently unavailable)
rElec  .         Spirit   .     (cloak currently unavailable)
rCorr  .         Warding  .     (gloves currently unavailable)
rMut   .         Stasis   +     (boots currently unavailable)
MR     .....                    s - amulet of stasis
Stlth  +.........               t - ring of flight
                                j - ring of protection from cold

@: lethally poisoned (-2 -> -10), tree-form (expiring), not resistant to hostile
enchantments, very unstealthy
A: (molten scales 0), rugged brown scales 1, berserk 1, clarity, clumsy 1,
(deformed body), deterioration 1, screaming 1, strong 1, teleportitis 1,
evolution 1
a: Smiting, Renounce Religion


You were on level 8 of the Dungeon.
You worshipped Beogh.
Beogh was pleased with you.
You were hungry.
You were a tree.
You visited 2 branches of the dungeon, and saw 9 of its levels.

You collected 507 gold pieces.

Inventory:

Hand weapons
 a - a +1 long sword
 D - a +0 great sword (weapon)
Armour
 c - a +0 shield
 d - a +0 pair of gloves (melded)
 q - a +0 cloak (melded)
 v - a +0 chain mail (melded)
 y - a +2 hat (melded)
Jewellery
 j - a ring of protection from cold (left branch)
 s - an amulet of stasis (around neck)
 t - a ring of flight (right branch)
Magical devices
 x - a wand of invisibility (4)
Scrolls
 b - a scroll of enchant weapon
 h - 2 scrolls of enchant armour
 u - 3 scrolls of teleportation
Potions
 f - a potion of brilliance
 g - a potion of berserk rage
 m - 4 potions of curing {unknown}
 n - a potion of lignification
 r - 2 potions of resistance {unknown}
 z - a potion of cancellation {unknown}
 A - a potion of haste {unknown}
 B - a potion of flight {unknown}
Books
 l - a book of Summonings

   Spells                             Type                      Level
   a - Recall                         Summoning/Translocation      3
   b - Aura of Abjuration             Summoning                    5
   c - Shadow Creatures               Summoning                    5
   d - Summon Demon                   Summoning                    5
   e - Summon Forest                  Summoning/Translocation      5
   f - Summon Mana Viper              Hexes/Summoning              5
Comestibles
 e - 6 bread rations
 k - 7 meat rations
 p - 3 slices of pizza
 w - a beef jerky
 C - 3 fruits


   Skills:
 - Level 11.2 Fighting
 + Level 10.3 Long Blades
 + Level 4.1 Armour
 - Level 3.2 Shields
 + Level 2.4 Invocations


You had 8 spell levels left.
You didn't know any spells.

Dungeon Overview and Level Annotations

Branches:
Dungeon (8/15)             Temple (1/1) D:6
   Lair: D:8-11

Altars:
Ashenzari
Cheibriados
Dithmenos
Elyvilon
Fedhas
Gozag
Kikubaaqudgha
Makhleb
Nemelex Xobeh
Okawaru
Qazlal
Ru
Sif Muna
Trog
Vehumet
Xom
Yredelemnul
Zin

Shops:
D:5 =


Innate Abilities, Weirdness & Mutations

((You are partially covered in molten scales (AC +1).))
(You are partially covered in rugged brown scales (AC +1, +3% HP).)
You tend to lose your temper in combat.
You possess an exceptional clarity of mind.
You are clumsy. (Dex -2)
((Armour fits poorly on your strangely shaped body.))
Your body sometimes deteriorates upon taking damage.
You occasionally shout uncontrollably at your foes.
Your muscles are strong. (Str +2)
You are occasionally teleported to nearby monsters.
You evolve.


Message History

Unknown command.
You slash the killer bee!
The killer bee is almost dead.
* * * LOW HITPOINT WARNING * * *
You feel sick. The killer bee barely misses you.
The killer bee stings you but does no damage. x3
The killer bee stings you.
* * * LOW HITPOINT WARNING * * *
The killer bee stings you.
* * * LOW HITPOINT WARNING * * *
The killer bee stings you but does no damage. x6
The killer bee stings you.
* * * LOW HITPOINT WARNING * * *
You closely miss the killer bee.
The killer bee is almost dead.
* * * LOW HITPOINT WARNING * * *
You feel sick.
The killer bee stings you but does no damage. x2
The killer bee stings you.
You die...

..#####.....##....#
........###.##...#
#######..##.....# ?
#....#....# %#
#.##.#....# .#
#.##...#..## y#
#.###.....y# y# ..#
#.#..yy#y# #.#
#...yy♣yy# #.#
#..#.y.y$..... #.
#......#.####.
...#.......#
..####.#..#..# ..
#.#.......
.....#..### ....###
.#


You could see a queen bee and 11 killer bees.

Vanquished Creatures
  Eustachio (D:5)
  A hippogriff (D:7)
  Menkaure (D:5)
  A water moccasin (D:8)
  An ogre (D:6)
  4 sky beasts
  An ice beast (D:5)
  2 orc warriors (D:6)
  A phantom (D:7)
  A big kobold (D:7)
  3 scorpions
  4 wights (D:7)
  4 killer bees (D:8)
  5 crimson imps
  5 orc priests
  2 jellies
  A giant frog zombie (D:7)
  3 hounds
  Crazy Yiuf (D:2)
  3 giant frog skeletons
  5 orc wizards
  3 worker ants
  Robin (D:2)
  13 adders
  A shadow imp (D:7)
  2 adder zombies
  2 adder skeletons
  A worm (D:2)
  20 orcs
  9 bats
  4 giant cockroaches
  14 goblins
  12 hobgoblins
  11 jackals
  4 ball pythons
  6 giant geckos
  2 giant newts
  A jackal skeleton (D:4)
  13 kobolds
  2 quokkas
  A quokka skeleton (D:5)
  A quokka zombie (D:5)
  18 rats
191 creatures vanquished.

Vanquished Creatures (others)
  A worker ant (D:3)
  An orc (D:3)
  A quokka (D:3)
3 creatures vanquished.

Grand Total: 194 creatures vanquished

Notes
Turn   | Place    | Note
--------------------------------------------------------------
     0 | D:1      | TruthSerum the Hill Orc Fighter began the quest for the Orb.
     0 | D:1      | Reached XP level 1. HP: 19/19 MP: 1/1
    26 | D:1      | Reached skill level 4 in Fighting
    27 | D:1      | Reached XP level 2. HP: 18/27 MP: 2/2
   500 | D:1      | Reached XP level 3. HP: 33/33 MP: 3/3
  1055 | D:2      | Reached XP level 4. HP: 24/41 MP: 4/4
  1104 | D:2      | Reached skill level 5 in Fighting
  1530 | D:2      | Noticed Robin
  1548 | D:2      | Reached XP level 5. HP: 36/48 MP: 5/5
  1560 | D:2      | Killed Robin
  1729 | D:2      | Noticed Crazy Yiuf
  1735 | D:2      | Paralysed by Crazy Yiuf for 4 turns
  1744 | D:2      | Killed Crazy Yiuf
  2166 | D:3      | You fall through a shaft for 2 floors!
  2166 | D:5      | Entered Level 5 of the Dungeon
  2316 | D:4      | Reached skill level 6 in Fighting
  2316 | D:4      | Reached XP level 6. HP: 55/57 MP: 6/6
  2422 | D:4      | Reached skill level 5 in Long Blades
  2971 | D:3      | Became a worshipper of Beogh the Brigand
  2983 | D:3      | Found a deep blue altar of Sif Muna.
  3336 | D:5      | Noticed a sky beast
  3356 | D:5      | Killed a sky beast
  3384 | D:5      | Noticed Menkaure
  3389 | D:5      | Killed Menkaure
  3389 | D:5      | Reached skill level 7 in Fighting
  3389 | D:5      | Reached XP level 7. HP: 30/66 MP: 7/7
  3496 | D:5      | Noticed Eustachio
  3518 | D:5      | Killed Eustachio
  3557 | D:5      | Reached skill level 8 in Fighting
  3615 | D:5      | Found Sara's Jewellery Shoppe.
  3771 | D:5      | Noticed an ice beast
  3780 | D:5      | Killed an ice beast
  3780 | D:5      | Reached XP level 8. HP: 73/75 MP: 8/8
  3822 | D:5      | Noticed a sky beast
  3839 | D:5      | Killed a sky beast
  3839 | D:5      | Acquired Beogh's first power
  3843 | D:5      | Gained mutation: You are clumsy. (Dex -2) [mutagenic meat]
  3844 | D:5      | Gained mutation: Your body sometimes deteriorates upon taking damage. [mutagenic meat]
  4116 | D:5      | Found a bloodstained altar of Trog.
  4293 | D:5      | Reached skill level 9 in Fighting
  4297 | D:5      | Gained mutation: You tend to lose your temper in combat. [mutagenic meat]
  4298 | D:5      | Gained mutation: You possess an exceptional clarity of mind. [mutagenic meat]
  4299 | D:5      | Gained mutation: Your muscles are strong. (Str +2) [mutagenic meat]
  4300 | D:5      | Gained mutation: You are occasionally teleported to nearby monsters. [mutagenic meat]
  5018 | D:6      | Reached skill level 10 in Fighting
  5018 | D:6      | Reached XP level 9. HP: 47/85 MP: 9/9
  5075 | D:6      | Found a staircase to the Ecumenical Temple.
  5089 | Temple   | Entered the Ecumenical Temple
  5795 | D:7      | Acquired Beogh's second power
  5948 | D:7      | Gained mutation: You occasionally shout uncontrollably at your foes. [mutagenic meat]
  5949 | D:7      | Gained mutation: You evolve. [mutagenic meat]
  5950 | D:7      | Gained mutation: Armour fits poorly on your strangely shaped body. [mutagenic meat]
  5951 | D:7      | Gained mutation: You are partially covered in molten scales (AC +1). [mutagenic meat]
  5952 | D:7      | Gained mutation: You are partially covered in rugged brown scales (AC +1, +3% HP). [mutagenic meat]
  6108 | D:7      | Reached skill level 11 in Fighting
  6494 | D:7      | Reached skill level 10 in Long Blades
  6742 | D:7      | Reached skill level 1 in Invocations
  6827 | D:8      | HP: 5/136 [killer bee (3)]
  6828 | D:8      | HP: 1/136 [poisoned by a killer bee]
  6828 | D:8      | Slain by a killer bee

Vault maps used:
D:1:      erik_arrival_orb_chamber
D:2:      first_bread, minmay_misc_feat_nine_boxes, uniq_robin,
          uniq_crazy_yiuf_cottage
D:3:      led_sif_pool
D:5:      kennysheep_mini_moat, serial_shops, nicolae_shop_statue_plus,
          uniq_eustachio, uniq_menkaure
D:6:      minmay_temple_entry_purple_smoke
D:8:      minmay_statue_hallways, lemuel_round_altar,
          nicolae_ossuary_entry_monument, david_nohive_1, jmf_multi_god_temple2
Temple:   lightli_temple_of_artemis

Action                   |  1- 3 |  4- 6 |  7- 9 || total
-------------------------+-------+-------+-------++-------
Melee: Long sword        |   163 |   205 |   452 ||   820
       Great sword       |       |       |    31 ||    31
Invok: Convert to Beogh  |       |     1 |       ||     1
  Use: Scroll            |     1 |     8 |     7 ||    16
       Potion            |       |     1 |     4 ||     5
  Eat: Chunk             |     1 |     8 |    23 ||    32
